Map: Lerilak Crest

Players

Soulquest

  • Race: Protoss Protoss
  • League: Master

xKawaiian - Winner!

  • Race: Terran Terran
  • League: Master

VOD

https://www.youtube.com/watch?v=vyjEtoHtM50

Description

Time

  • Played on: Feb. 4, 2016, 4:59 p.m.
  • Length: 26:28
Show
View Real Time Build Order
Export as new Build Order

Soulquest Protoss 

Build Orders: 1 Gate Expand, Colossus Rush 

Get SALT Encoding   

  12  0:00  Probe (Chrono Boost)  
  13  0:11  Probe (Chrono Boost)  
  14  0:18  Pylon  
  14  0:22  Probe (Chrono Boost)  
  15  0:36  Probe (Chrono Boost)  
  15  0:37  Gateway  
  16  0:46  Assimilator  
  16  0:47  Probe (Chrono Boost)  
  17  0:57  Probe (Chrono Boost)  
  18  1:08  Probe (Chrono Boost)  
  20  1:18  Probe (Chrono Boost)  
  20  1:25  Nexus  
  20  1:29  Probe (Chrono Boost)  
  21  1:37  Cybernetics Core  
  21  1:40  Probe (Chrono Boost)  
  22  1:48  Pylon  
  22  1:51  Probe (Chrono Boost)  
  23  1:58  Assimilator  
  23  2:05  Probe (Chrono Boost)  
  23  2:13  Stalker (Chrono Boost)  
  23  2:14  Warp Gate  
  27  2:23  Mothership Core  
  26  2:40  Stalker (Chrono Boost)  
  27  2:47  Probe  
  27  2:48  Probe  
  29  2:58  Probe  
  29  2:59  Probe  
  29  3:00  Robotics Facility  
  31  3:09  Probe  
  31  3:10  Stalker (Chrono Boost)  
  31  3:11  Probe  
  35  3:20  Probe  
  35  3:23  Probe  
  37  3:31  Probe  
  38  3:34  Pylon  
  38  3:35  Probe  
  38  3:37  Stalker (Chrono Boost)  
  41  3:42  Probe  
  41  3:47  Probe, Observer  
  44  3:55  Probe  
  44  4:00  Probe  
  46  4:05  Probe  
  47  4:12  Probe  
  47  4:13  Gateway  
  47  4:14  Gateway  
  47  4:15  Observer  
  47  4:16  Probe  
  49  4:21  Assimilator x2  
  49  4:22  Pylon  
  49  4:24  Probe  
  51  4:29  Probe, Pylon  
  52  4:34  Sentry  
  54  4:40  Probe  
  54  4:42  Probe  
  60  4:49  Robotics Bay  
  60  4:52  Probe  
  57  4:54  Probe  
  57  4:59  Forge  
  58  5:00  Forge  
  58  5:04  Probe, Immortal (Chrono Boost)  
  62  5:07  Probe  
  63  5:14  Pylon  
  63  5:17  Probe  
  63  5:18  Probe  
  63  5:19  Twilight Council  
  65  5:26  Stalker  
  65  5:28  Stalker  
  69  5:33  Probe  
  69  5:35  Stalker  
  71  5:48  Colossus (Chrono Boost)  
  77  5:51  Pylon  
  77  5:52  Pylon  
  77  5:55  Protoss Ground Weapons Level 1 (Chrono Boost), Protoss Ground Armor Level 1 (Chrono Boost)  
  77  6:08  Blink  
  77  6:13  Zealot x3  
  83  6:18  Pylon  
  83  6:19  Pylon  
  83  6:24  Extended Thermal Lance  
  83  6:39  Observer  
  84  6:45  Nexus  
  84  6:51  Stalker x3  
  90  6:54  Pylon  
  90  6:56  Probe  
  90  6:57  Pylon  
  92  7:03  Colossus  
  97  7:11  Gateway  
  97  7:14  Gateway  
  97  7:20  Gateway  
  97  7:27  Stalker x2  
  97  7:29  Stalker  
  103  7:33  Probe  
  103  7:34  Probe  
  105  7:41  Pylon  
  105  7:42  Pylon  
  105  7:45  Protoss Ground Weapons Level 2 (Chrono Boost)  
  105  7:56  Probe, Colossus (Chrono Boost)  
  105  7:57  Probe  
  113  8:00  Assimilator  
  113  8:05  Probe  
  113  8:08  Probe, Pylon  
  113  8:09  Probe  
  116  8:17  Protoss Ground Armor Level 2 (Chrono Boost)  
  114  8:23  Assimilator  
  114  8:25  Photon Cannon  
  114  8:27  Photon Cannon  
  114  8:28  Photon Cannon  
  113  8:38  Zealot x2  
  117  8:49  Observer (Chrono Boost)  
  117  8:51  Probe  
  119  8:59  Stalker x4  
  119  9:00  Stalker x2  
  131  9:03  Charge  
  131  9:09  Probe  
  132  9:10  Probe  
  132  9:11  Pylon  
  132  9:16  Observer (Chrono Boost)  
  134  9:18  Templar Archives  
  134  9:24  Zealot x3  
  134  9:28  Zealot  
  134  9:29  Zealot  
  144  9:32  Zealot  
  144  9:37  Observer (Chrono Boost)  
  139  9:58  Stalker x3  
  139  9:59  High Templar x3  
  147  10:02  Protoss Ground Weapons Level 3  
  147  10:07  Probe  
  134  10:15  Colossus (Chrono Boost)  
  134  10:19  Probe  
  128  10:25  Probe  
  128  10:26  Zealot  
  128  10:27  Zealot x2  
  89  10:28  Psionic Storm  
  134  10:29  Protoss Ground Armor Level 3  
  134  10:33  Probe  
  135  10:37  Probe  
  135  10:41  Nexus  
  136  10:46  Pylon  
  136  10:48  Pylon  
  136  10:49  Probe  
  137  10:51  Probe  
  137  10:54  High Templar  
  140  10:58  Zealot x4  
  148  11:09  Pylon  
  148  11:10  Pylon  
  148  11:11  Warp Prism (Chrono Boost), Pylon  
  150  11:27  Zealot x6  
  160  11:56  Stalker x2  
  160  11:57  Stalker x4  
  160  11:58  Colossus  
  177  12:09  Gateway x2  
  177  12:12  Gateway  
  177  12:14  Gateway  
  177  12:15  Probe  
  177  12:18  Assimilator  
  176  12:23  Assimilator  
  176  12:25  Probe  
  176  12:28  High Templar x6  
  189  12:36  Pylon  
  159  13:00  Colossus  
  165  13:08  Nexus  
  165  13:11  Dark Shrine  
  165  13:12  Pylon  
  165  13:14  Pylon, Zealot x4  
  165  13:15  Zealot x2  
  157  13:54  Protoss Shields Level 1 (Chrono Boost)  
  157  13:55  Colossus  
  157  13:56  Robotics Facility  
  157  14:03  High Templar x3  
  163  14:13  Zealot  
  163  14:14  Stalker, Zealot x3  
  163  14:15  Zealot x2  
  169  14:30  Probe  
  169  14:33  Photon Cannon  
  169  14:35  Assimilator  
  169  14:36  Assimilator, Photon Cannon  
  170  14:39  High Templar x3  
  170  14:40  Probe  
  175  14:46  High Templar x2  
  175  14:52  Nexus  
  179  14:54  Pylon  
  179  15:07  Colossus (Chrono Boost)  
  183  15:16  Warp Prism (Chrono Boost)  
  149  15:51  Stalker x6  
  149  15:52  Immortal, Stalker x4  
  169  15:59  Immortal  
  177  16:05  Probe, Assimilator  
  177  16:10  Assimilator  
  175  16:12  Photon Cannon  
  175  16:14  Photon Cannon  
  175  16:15  Probe  
  176  16:26  Probe  
  176  16:31  Immortal  
  175  16:38  Immortal  
  179  16:54  Gateway  
  179  16:57  Gateway  
  179  17:07  Gateway x3  
  179  17:14  Observer  
  178  17:18  Observer (Chrono Boost), Gateway  
  178  17:20  Gateway  
  178  17:21  Nexus  
  180  17:24  High Templar x2  
  180  17:27  High Templar x2, Pylon  
  182  18:05  Colossus (Chrono Boost)  
  182  18:06  Immortal (Chrono Boost)  
  182  18:11  Stalker x3  
  182  18:12  Stalker x5  
  198  18:31  Zealot x2  
  184  18:42  Zealot x5  
  184  18:43  Zealot x3  
  198  18:55  Archon  
  198  18:57  Stalker  
  196  19:09  Stalker x2  
  196  19:10  Stalker x2  
  196  19:22  Zealot  
  196  19:23  Zealot x5  
  182  19:32  Colossus (Chrono Boost)  
  182  19:37  Archon  
  175  19:39  Colossus (Chrono Boost)  
  175  19:40  Stalker x3  
  175  19:41  Stalker x2  
  177  19:49  Zealot x3  
  175  20:00  High Templar x3  
  175  20:01  Zealot  
  175  20:02  Zealot  
  175  20:06  Archon  
  185  20:10  Zealot x3  
  185  20:13  Dark Templar  
  187  20:17  Dark Templar  
  181  20:24  High Templar x4  
  185  20:32  Observer (Chrono Boost)  
  185  20:33  Archon x2  
  185  20:35  Observer (Chrono Boost), Zealot x3  
  189  20:45  High Templar, Zealot  
  189  20:46  Zealot  
  189  20:48  High Templar  
  178  21:05  Zealot x4  
  178  21:06  Zealot x2  
  188  21:16  Zealot x3  
  183  21:32  High Templar  
  185  21:33  High Templar  
  185  21:36  Observer (Chrono Boost)  
  188  21:58  Observer (Chrono Boost), Stalker x3  
  188  21:59  Stalker, Nexus  
  187  22:05  Pylon  
  187  22:10  Protoss Shields Level 2  
  187  22:29  High Templar x2  
  187  22:36  Zealot  
  187  22:37  Zealot x3  
  191  22:38  Zealot  
  195  22:47  Dark Templar x2, Assimilator  
  195  22:48  Pylon, Zealot x3  
  183  22:51  Pylon  
  183  22:54  Pylon  
  183  23:05  Dark Templar x2  
  187  23:11  Photon Cannon  
  181  23:22  Archon  
  181  23:24  High Templar  
  181  23:26  Zealot x4  
  181  23:27  Probe, Zealot x5  
  192  23:32  Dark Templar x2, Zealot x3  
  190  23:35  Probe  
  176  23:46  Probe  
  176  23:48  Probe  
  174  23:57  Probe  
  174  23:59  Probe  
  176  24:06  Pylon x2  
  176  24:07  Probe  
  176  24:09  Probe  
  177  24:13  Probe x3  
  177  24:15  Assimilator  
  177  24:16  Assimilator  
  181  24:17  High Templar x3  
  181  24:18  Probe, Photon Cannon  
  181  24:20  Probe, Stalker x2  
  193  24:25  Probe  
  193  24:27  Stalker x2  
  193  24:28  Probe  
  193  24:30  Probe  
  136  25:03  Zealot x4  
  136  25:04  Dark Templar x3, Zealot  
  141  25:14  High Templar, Zealot  
  141  25:32  Probe  
  134  25:43  Probe  
  134  25:47  Stalker x3  
Show
View Real Time Build Order
Export as new Build Order

xKawaiian Terran - Winner!

Build Orders: Reaper Expand, MMM Bio 

Get SALT Encoding   

  12  0:01  SCV  
  13  0:13  SCV  
  14  0:17  Supply Depot  
  14  0:25  SCV  
  15  0:38  SCV  
  15  0:40  Barracks  
  16  0:46  Refinery  
  16  0:51  SCV  
  17  1:03  SCV  
  18  1:15  SCV  
  19  1:28  Orbital Command  
  19  1:29  Reaper  
  20  1:40  Command Center  
  20  1:54  SCV  
  20  1:55  Supply Depot  
  21  2:02  Barracks Reactor  
  21  2:06  SCV  
  22  2:09  Barracks  
  22  2:19  SCV  
  22  2:20  Barracks  
  23  2:31  SCV  
  24  2:40  Marine x2  
  24  2:43  SCV  
  27  2:52  Orbital Command  
  27  2:55  SCV  
  27  2:57  Barracks Tech Lab  
  27  2:58  Marine x2  
  28  3:02  Factory  
  28  3:03  Refinery  
  30  3:07  Marine  
  30  3:10  SCV  
  32  3:15  Marine, Stimpack  
  32  3:16  Marine  
  34  3:20  SCV  
  34  3:25  SCV  
  36  3:27  Marine, Supply Depot  
  36  3:29  Marine  
  36  3:33  Marine, SCV  
  40  3:37  SCV  
  40  3:38  Marine  
  42  3:45  Marine, SCV  
  44  3:49  SCV  
  44  3:51  Factory Reactor, Starport  
  45  3:58  SCV  
  45  4:00  Supply Depot  
  45  4:02  SCV  
  46  4:07  Marine x2  
  48  4:12  Marine x2  
  48  4:13  SCV  
  48  4:14  SCV  
  52  4:25  SCV  
  52  4:26  SCV  
  52  4:30  Supply Depot  
  54  4:34  Marine x2  
  54  4:36  Medivac x2  
  54  4:37  SCV  
  61  4:39  SCV  
  62  4:49  Command Center  
  62  4:52  SCV x2  
  64  4:53  Marine x2  
  64  4:54  Barracks Reactor  
  66  5:04  Supply Depot  
  66  5:06  Medivac  
  68  5:09  Factory Reactor, Marauder  
  68  5:14  Refinery  
  70  5:17  Refinery  
  70  5:19  Supply Depot  
  70  5:26  Marine, SCV  
  70  5:28  Marine  
  73  5:30  Marauder  
  73  5:33  SCV, Barracks  
  73  5:34  Barracks  
  75  5:37  Supply Depot  
  75  5:45  Engineering Bay  
  74  5:50  SCV x2  
  74  5:53  Engineering Bay  
  74  5:57  Marine x3  
  76  5:59  Combat Shields  
  79  6:06  Orbital Command  
  79  6:12  Marine x2  
  79  6:14  SCV x2  
  83  6:20  Marine x2  
  83  6:21  Barracks Reactor  
  85  6:26  Orbital Command, SCV x2  
  85  6:30  Terran Infantry Weapons Level 1  
  85  6:31  Terran Infantry Armor Level 1  
  87  6:38  SCV x2  
  89  6:43  Barracks Tech Lab  
  89  6:46  Missile Turret  
  87  6:50  Liberator, SCV  
  87  6:53  Starport  
  88  6:56  Fusion Core  
  88  6:57  SCV  
  88  6:59  SCV  
  90  7:02  SCV  
  94  7:09  Marine  
  94  7:14  Marine, Marauder  
  94  7:15  Refinery  
  98  7:16  Refinery  
  98  7:17  SCV x3  
  98  7:21  Marine  
  98  7:22  Marine, Marauder  
  105  7:26  Armory  
  105  7:29  SCV x2  
  107  7:34  SCV  
  108  7:37  Supply Depot, Starport Tech Lab  
  108  7:40  Liberator x2  
  108  7:41  SCV  
  109  7:45  Liberator  
  109  7:47  Marine  
  109  7:56  Supply Depot  
  109  7:57  Marine, SCV  
  109  7:58  Marine x2, Supply Depot  
  117  7:59  Marauder  
  117  8:03  Advanced Ballistics  
  124  8:16  Supply Depot  
  124  8:17  Widow Mine x2  
  128  8:26  Command Center  
  128  8:28  Terran Vehicle And Ship Armor Level 1  
  128  8:32  Marine x2, Marauder  
  132  8:36  Marine x2, Liberator x2, Marauder  
  132  8:39  SCV x2  
  137  8:49  Marine x2  
  137  8:53  Marauder  
  147  8:58  Marauder  
  147  8:59  Marine  
  149  9:15  Supply Depot  
  149  9:16  Marine x2, Marauder  
  149  9:17  Supply Depot  
  153  9:18  Supply Depot x2  
  153  9:19  Supply Depot, Marauder  
  153  9:20  Liberator  
  153  9:22  Barracks  
  155  9:29  Barracks  
  158  9:44  Marine, Marauder  
  161  9:52  Marine  
  150  9:53  Marauder  
  150  9:54  Medivac x2  
  138  10:00  Marine  
  138  10:01  Marine  
  138  10:02  Liberator  
  138  10:06  Marauder  
  134  10:10  Marine x4  
  134  10:11  Barracks Tech Lab  
  121  10:14  Marauder  
  121  10:15  Liberator  
  121  10:18  Marine  
  102  10:22  Marine x2  
  102  10:23  Terran Infantry Weapons Level 2  
  102  10:24  Terran Infantry Armor Level 2  
  102  10:25  Planetary Fortress  
  102  10:27  Marauder  
  99  10:29  Missile Turret, Marauder  
  106  10:35  Marauder  
  106  10:41  Barracks Reactor, Starport  
  106  10:43  Marine, Liberator  
  106  10:48  Marine x2  
  106  10:49  Marine, Marauder  
  112  10:51  Marauder  
  112  10:53  Liberator  
  112  10:54  SCV x3  
  119  10:57  Marauder  
  119  10:58  Marine  
  119  11:00  Marine  
  119  11:01  Concussive Shells  
  123  11:06  SCV  
  123  11:07  Marine x3  
  123  11:10  Marauder  
  131  11:12  Marauder  
  131  11:15  Marine  
  131  11:17  Medivac  
  138  11:18  Marauder  
  138  11:21  Marine x2  
  138  11:29  Marine  
  138  11:31  Marauder  
  138  11:32  Marine x2  
  142  11:33  Marine x2  
  142  11:34  Marauder  
  142  11:38  Marine  
  142  11:39  Marine x2  
  152  11:40  Marauder  
  152  11:47  Marine  
  152  11:50  Marine x2  
  152  11:53  Marauder  
  154  11:55  Marauder  
  154  11:58  Marine x2  
  154  11:59  Starport Reactor  
  160  12:01  Marauder  
  160  12:07  Marine  
  160  12:08  Marine  
  162  12:12  Terran Vehicle And Ship Armor Level 2  
  162  12:13  Command Center  
  162  12:14  Marine, Marauder  
  162  12:15  Marine x2  
  167  12:16  Marauder  
  167  12:17  Medivac  
  167  12:19  Medivac  
  167  12:22  Marauder  
  174  12:23  Marine  
  174  12:24  Marine  
  174  12:25  Marine x2  
  174  12:27  Medivac  
  178  12:36  Marauder  
  180  12:37  Marine x2  
  180  12:38  Marauder  
  180  12:41  Marine  
  180  12:44  Marauder  
  185  12:46  Marine x2, Liberator x2  
  185  12:49  Marine  
  185  12:50  Liberator  
  173  12:57  Marauder  
  146  12:59  Marauder  
  146  13:02  Marine  
  146  13:03  Marine x2  
  146  13:04  Marine  
  146  13:05  Terran Infantry Armor Level 3, Terran Infantry Weapons Level 3, Marauder  
  142  13:12  Marine x2  
  147  13:18  Marauder  
  148  13:21  Marauder  
  148  13:22  Marine  
  148  13:25  Marine  
  148  13:26  Marauder  
  154  13:30  Liberator  
  154  13:31  Liberator  
  154  13:32  Planetary Fortress  
  141  13:34  Liberator, SCV  
  141  13:35  Marine  
  141  13:40  Marauder  
  145  13:42  Marauder  
  145  13:47  Marine  
  145  13:48  Marine, Marauder  
  122  13:51  Marine  
  122  13:53  Marine x2  
  122  13:54  Marine  
  121  14:01  Marine, Marauder  
  124  14:03  Marauder  
  124  14:08  Marine  
  124  14:09  Marine x2, Marauder  
  131  14:11  Marine  
  131  14:12  Marine  
  131  14:15  Medivac  
  131  14:16  Marine x2  
  134  14:19  Marine, SCV x2  
  134  14:22  Marauder  
  139  14:25  Marauder  
  139  14:26  Marine  
  139  14:30  Marine  
  139  14:31  Marauder  
  145  14:33  Refinery x2  
  145  14:34  Missile Turret, Refinery  
  145  14:35  Refinery, SCV x4  
  149  14:40  Medivac x2  
  149  14:43  Marine x2  
  149  14:44  Marine, Liberator, Marauder  
  158  14:46  Marauder  
  158  14:47  SCV x2  
  158  14:48  Liberator  
  158  14:49  Marine x3  
  158  14:51  Liberator, Barracks Tech Lab  
  158  14:52  Marauder  
  167  14:53  SCV x2  
  167  14:58  Supply Depot  
  168  15:01  Marine x2  
  168  15:05  Marauder  
  177  15:07  Marauder  
  177  15:13  Marauder  
  177  15:14  Marine x2, Marauder  
  183  15:21  SCV x3  
  190  15:25  Liberator x2  
  190  15:26  Marine x2  
  190  15:27  Marauder  
  194  15:30  Liberator  
  194  15:33  Marauder  
  194  15:35  Marauder  
  190  15:36  Marauder  
  190  15:39  Liberator  
  190  15:40  Liberator  
  190  15:42  Marine  
  169  15:44  Marine  
  169  15:46  Marine x3  
  169  15:48  Marauder  
  152  15:55  Marine, Marauder  
  152  15:56  Marauder  
  152  15:57  Marauder  
  152  15:59  Marine  
  152  16:02  Marine  
  152  16:04  Marine x3  
  159  16:08  Liberator  
  159  16:09  Marauder  
  164  16:12  Marine  
  164  16:16  Marauder  
  164  16:17  Marine x2  
  169  16:18  Marauder  
  169  16:25  Medivac, Command Center  
  166  16:30  Marine, Medivac  
  166  16:31  Marauder  
  166  16:38  Marine, Marauder  
  166  16:39  Marine  
  167  16:40  Marine x2, Marauder x2  
  174  16:49  SCV  
  174  16:52  Marine x2, Marauder  
  179  17:05  Marauder  
  178  17:18  Marine  
  179  17:23  Supply Depot  
  179  17:24  Terran Vehicle And Ship Armor Level 3  
  179  17:25  Supply Depot, Liberator  
  179  17:26  Marine  
  179  17:27  Supply Depot, Marauder x3  
  179  17:29  Marine  
  187  17:34  Missile Turret  
  187  17:36  Marine, Planetary Fortress  
  187  17:37  Marauder  
  190  17:42  Marine x3  
  190  17:43  Widow Mine x2  
  196  17:47  Liberator  
  196  17:48  Marauder x2  
  196  17:53  Command Center  
  196  17:55  Marine x2, Marauder  
  172  17:58  Marine, Missile Turret x2  
  172  17:59  Marauder  
  172  18:02  Marine x2  
  174  18:08  Marine  
  174  18:10  Marauder x2  
  179  18:12  Marine  
  179  18:13  Marine  
  179  18:16  Marine  
  179  18:17  Marauder  
  184  18:20  Marine x2, Marauder  
  188  18:31  Marauder  
  190  18:37  Marine  
  190  18:38  Medivac x2, Marauder  
  188  18:45  Marine x2  
  188  18:46  Medivac x2, Marauder x2  
  188  18:48  Marine x3  
  192  18:50  Building Armor  
  192  18:52  Marauder  
  192  18:55  Marine  
  197  18:59  Marauder  
  193  19:03  Marine x2, Medivac  
  193  19:06  Marine x3  
  193  19:07  Marauder x2  
  193  19:08  Liberator x2  
  198  19:12  Widow Mine x2  
  198  19:13  Marine  
  198  19:14  Liberator, Marauder  
  195  19:20  Liberator, Marauder  
  195  19:21  Marine x2  
  195  19:24  Marine x3  
  185  19:28  Marauder  
  185  19:29  Marauder  
  185  19:30  Marine  
  188  19:35  Marauder  
  180  19:39  Marine x2  
  180  19:41  Marine  
  180  19:42  Marine, Marauder  
  180  19:43  Planetary Fortress  
  186  19:49  Marine  
  186  19:50  Marauder x2  
  191  19:54  Marine  
  191  19:57  Marauder  
  184  20:00  Missile Turret x2  
  184  20:02  Marine, Liberator x2  
  184  20:03  Marauder  
  184  20:06  Liberator  
  181  20:07  Marine  
  181  20:08  Medivac x2  
  181  20:10  Marine  
  181  20:11  Marauder x2  
  180  20:20  Marine, Marauder  
  180  20:21  Marine, Liberator  
  185  20:22  Marine, Widow Mine x2  
  185  20:24  Marauder  
  191  20:30  Marine x3  
  191  20:33  Marauder x2  
  192  20:38  Marine, Medivac  
  192  20:39  Marine  
  192  20:42  Marauder  
  196  20:49  Marine  
  192  20:50  Marine  
  192  20:53  Marine  
  192  20:56  Marine x2, Marauder x2, Widow Mine x2  
  195  21:00  Marine  
  195  21:01  Marauder  
  195  21:02  Medivac  
  180  21:13  Marine  
  180  21:14  Medivac, Marauder  
  180  21:17  Marine  
  180  21:18  Marine, Marauder x2  
  179  21:20  Medivac  
  179  21:21  Medivac  
  179  21:25  Refinery x2  
  162  21:27  Refinery x2  
  162  21:32  Marine x2, Marauder  
  163  21:35  Marauder  
  165  21:41  Medivac x2  
  165  21:42  Marine x6  
  175  22:02  Marine x2  
  175  22:03  Marauder x2  
  175  22:05  Marine x2, Marauder x2  
  187  22:20  Marine x3  
  187  22:21  Medivac x2  
  188  22:24  Marauder x2  
  188  22:27  Marauder  
  188  22:29  Marine  
  168  22:30  Marine x2, Marauder  
  171  22:37  Medivac x2, Widow Mine x2  
  171  22:38  Marine x3  
  171  22:40  Hi-Sec Auto Tracking  
  171  22:41  Terran Ship Weapons Level 1, Command Center  
  171  22:42  Refinery  
  171  22:43  Refinery, Missile Turret  
  178  22:45  Marauder x2  
  178  22:47  Marine x2  
  178  22:48  Marauder  
  178  22:49  Marine  
  182  22:51  Marauder  
  182  22:56  Marine x3  
  187  23:03  Medivac  
  187  23:04  Medivac  
  187  23:05  Marine x2  
  191  23:07  Marauder x2  
  191  23:09  Liberator, Marauder  
  191  23:11  SCV  
  200  23:18  Marine  
  200  23:19  Marine  
  199  23:23  Marine x4, Marauder  
  198  23:28  Marauder  
  199  23:43  Marine  
  199  23:47  Liberator x2  
  181  24:00  Marine  
  181  24:02  Marine, Marauder  
  163  24:05  Marine x2, Marauder  
  163  24:06  Marauder  
  163  24:09  Marine x2, Marauder  
  175  24:18  Marine  
  175  24:20  Marine  
  175  24:23  Marine x2  
  175  24:24  Marauder  
  181  24:25  SCV x3  
  181  24:27  Marine, Marauder x2  
  181  24:31  Marauder  
  191  24:34  Marine  
  191  24:36  Marine  
  191  24:37  Marine  
  194  24:40  Marine  
  194  24:41  Marine  
  194  24:45  Marauder  
  195  24:48  Marauder x2  
  195  24:49  Marine  
  195  24:52  Marine, Marauder  
  191  24:57  Marine x2  
  191  24:58  Marine  
  189  25:07  Marauder  
  191  25:09  Marauder  
  191  25:10  Marauder  
  191  25:12  Marine, Medivac x2  
  191  25:14  Marauder  
  196  25:19  Orbital Command  
  196  25:20  Liberator  
  184  25:24  Marine  
  184  25:28  Marauder  
  180  25:31  Marauder x2  
  180  25:33  Marine x4  
  180  25:35  Marauder  
  192  25:49  Marine x2, Marauder  
  196  25:51  Marine x2  
  196  25:52  Marauder  
  176  26:07  Marine x4  
Tags
 
Add a new tag
Caveats
  • Supply blocks, unpowered buildings, or Contaminate may cause inaccurate times.
  • Supply counts are checked every 10 seconds.